 Dungeon Sprint DCSS version 0.17-a0-1570-g74b7129 (webtiles) character file.

0 nuthulu the Ruffian (level 1, 0/20 HPs)
             Began as a Ghoul Monk on July 23, 2015.
             Was a Believer of Makhleb.
             Slain by an orc priest
             ... wielding a +0 flail
              (9 damage)
             ... in the Dungeon (Sprint VI: "Thunderdome").
             The game lasted 00:01:04 (102 turns).

nuthulu the Ruffian (Ghoul Monk)                     Turns: 102, Time: 00:01:04

Health: 0/20       AC:  2    Str: 16    XL:     1   Next: 30%
Magic:  11/18      EV: 18    Int:  5    God:    Makhleb [**....]
Gold:   20         SH:  0    Dex: 18    Spells: 0 memorised, 0 levels left

rFire  . . .     SeeInvis .       - Unarmed
rCold  + . .     Clarity  .     a - +0 robe
rNeg   + + +     SustAt   .     (no shield)
rPois  ∞         Gourm    .     (no helmet)
rElec  .         Spirit   .     (no cloak)
rCorr  .         Warding  .     (no gloves)
rMut   .         Stasis   +     (no boots)
MR     .....                    m - amulet "Cuas" {Stasis rC+ MP+9 Dex+2}
Stlth  +++.......               o - ring "Ysoaleja" {+Blink rN+ Str+2 Stlth+}
                                n - ring of the Invisible Hand {rC- MP+9 EV+4 Dex+5}

@: rotting, not resistant to hostile enchantments, fairly stealthy
A: rotting body, claws 1, carnivore 3, cold resistance 1, negative energy
resistance 3, slow healing 1, torment resistance, unbreathing
a: Minor Destruction, Renounce Religion, Evoke Blink


You were in the Dungeon.
You worshipped Makhleb.
Makhleb was pleased with you.
You were not hungry.

You visited 1 branch You collected 200 gold pieces.
You spent 180 gold pieces at shops.

Inventory:

Armour
 a - a +0 robe (worn)
Jewellery
 m - the amulet "Cuas" (around neck) {Stasis rC+ MP+9 Dex+2}
   (You bought it in a shop in the Dungeon)

   [amulet of stasis]

   It prevents you from being teleported, slowed, hasted or paralysed.
   It affects your dexterity (+2).
   It protects you from cold.
   It affects your magic capacity (+9).
 n - the ring of the Invisible Hand (left claw) {rC- MP+9 EV+4 Dex+5}
   (You bought it in a shop in the Dungeon)

   [ring of evasion]

   It affects your evasion (+4).
   It affects your dexterity (+5).
   It makes you vulnerable to cold.
   It affects your magic capacity (+9).
 o - the ring "Ysoaleja" (right claw) {+Blink rN+ Str+2 Stlth+}
   (You bought it in a shop in the Dungeon)

   [ring of stealth]

   It affects your strength (+2).
   It protects you from negative energy.
   It lets you blink.
   It makes you more stealthy.
Magical devices
 i - a wand of cold (5)
 j - a wand of fire (5)
Scrolls
 h - 4 scrolls of blinking
 k - 3 scrolls of fog
Potions
 c - a potion of curing
 d - 4 potions of heal wounds
 e - 4 potions of haste
 f - 2 potions of magic
 g - a potion of berserk rage
 l - a potion of resistance
Comestibles
 b - a meat ration


   Skills:
 + Level 3.7 Fighting
 + Level 3.0 Dodging
 - Level 2.1 Stealth
 + Level 4.6 Unarmed Combat


You couldn't memorise any spells.
You didn't know any spells.

Dungeon Overview and Level Annotations

Branches:
Dungeon (1/1)

Altars:
Cheibriados
Dithmenos
Fedhas
Gozag
Kikubaaqudgha
Makhleb
Okawaru
Qazlal
Ru
Sif Muna
Trog
Vehumet
Xom
Yredelemnul
Zin
The Shining One
Jiyva
Lugonu

Shops:
D *[%??*?*:[((!!!!

Annotations:
D Blork the orc


Innate Abilities, Weirdness & Mutations

Your body is rotting away.
You thrive on raw meat.
You are immune to poison.
You have sharp fingernails.
You are carnivorous and can eat meat at any time.
Your flesh is cold resistant.
You are immune to negative energy.
You heal slowly when monsters are visible.
You are immune to unholy pain and torment.
You can survive without breathing.


Message History

Blork the orc is lightly wounded.
Blork the orc gestures at you while chanting.
The puff of frost misses you.
Unknown command.
You scratch the orc priest.
The orc priest begins to bleed from its wounds!
The orc priest is lightly wounded.
The orc priest mumbles some strange prayers to Beogh against you.
You are unaffected.
Blork the orc screams, "I'll cover the dungeon with your blood!"
Blork the orc hits you with a war axe.
You scratch the orc priest.
The orc priest is lightly wounded.
The orc priest hits you with a flail.
Unknown command.
You scratch the orc priest but do no damage.
The orc priest is lightly wounded.
Blork the orc closely misses you. The orc misses you.
The orc priest hits you with a flail!
You die...

#⌠..........# #.<.# #.........
#⌠..........###...###.........
##.............###............
###∩........8.# #.8........∩#
##∩___......###......___∩##
######.8.........8.######
#§...........⌠#
###.o.......### #_.@o...._#
#.o......_# #_......._#
#∩.......∩# ##∩.....∩##
##.....## ##⌠⌠⌠## ####


You could see Blork the orc, an orc priest (bleeding) and an orc.

Vanquished Creatures
  An orc (D)
1 creature vanquished.

Notes
Turn   | Place    | Note
--------------------------------------------------------------
     0 | D        | nuthulu the Ghoul Monk began the quest for the Orb.
     0 | D        | Reached XP level 1. HP: 19/19 MP: 0/0
     1 | D        | Found a blossoming altar of Fedhas.
     1 | D        | Found a viscous altar of Jiyva.
     2 | D        | Found a shimmering altar of Xom.
     3 | D        | Found a burning altar of Makhleb.
     3 | D        | Found a glowing golden altar of the Shining One.
     4 | D        | Found an opulent altar of Gozag.
     4 | D        | Found a deep blue altar of Sif Muna.
     4 | D        | Found Biluthri's Premium Goods.
     4 | D        | Found Astilem's Weapon Rack.
     5 | D        | Found Aracoq's Miscellaneous Merchandise.
     5 | D        | Found Usuoxeb's Basic Armour.
     5 | D        | Round 1.
     6 | D        | Found a corrupted altar of Lugonu.
    11 | D        | Became a worshipper of Makhleb the Destroyer
    11 | D        | Acquired Makhleb's first power
    11 | D        | Acquired Makhleb's second power
    16 | D        | Found Kaah's Identification Station.
    17 | D        | Found Gimase's Advanced Armour.
    17 | D        | Found Lathanoj's Jewellery.
    18 | D        | Found a bloodstained altar of Trog.
    18 | D        | Found Xetekh's Bee Food.
    23 | D        | Found a snail-covered altar of Cheibriados.
    27 | D        | Bought a flickering silver amulet for 45 gold pieces
    27 | D        | Bought a fine bone ring for 45 gold pieces
    27 | D        | Bought a sparkling copper ring for 45 gold pieces
    27 | D        | Identified the ring of the Invisible Hand {rC- MP+9 EV+4 Dex+5} (You bought it in a shop in the Dungeon)
    28 | D        | Identified the amulet of Ponew {Inacc MR+} (You bought it in a shop in the Dungeon)
    31 | D        | Identified the ring "Ysoaleja" {+Blink rN+ Str+2 Stlth+} (You bought it in a shop in the Dungeon)
    35 | D        | Bought a faintly glowing garnet amulet for 45 gold pieces
    35 | D        | Identified the amulet "Cuas" {Stasis rC+ MP+9 Dex+2} (You bought it in a shop in the Dungeon)
    40 | D        | Found an iron altar of Okawaru.
    68 | D        | Found Sanetat's Magic Scroll Shop.
    69 | D        | Found a glowing silver altar of Zin.
    69 | D        | Found a stormy altar of Qazlal.
    69 | D        | Found Wenaf's Staff Store.
    69 | D        | Found Ufuatz's Magic Scroll Shop.
    69 | D        | Found Zofeu's Must-Have Magic.
    73 | D        | Found a basalt altar of Yredelemnul.
    75 | D        | Found an ancient bone altar of Kikubaaqudgha.
    76 | D        | Found Tedwim's Distillery.
    76 | D        | Found a radiant altar of Vehumet.
    76 | D        | Found a shadowy altar of Dithmenos.
    76 | D        | Found a sacrificial altar of Ru.
    76 | D        | Found Iji Fojaa's Do-It-Yourself Clinic.
    77 | D        | Found Imuo's Distillery.
    77 | D        | Found Gafogan's Bottled Wisdom.
    78 | D        | Noticed Blork the orc
    95 | D        | Noticed an orc priest
   102 | D        | Slain by an orc priest

Vault maps used:
D:        arena_sprint

Action                   || total
-------------------------++-------
Melee: Unarmed           ||     7
Invok: Minor Destruction ||     1
